 Dungeon Crawl Stone Soup version 0.22.1-6-g1668fe2c40 (webtiles) character file.

26 Kohma the Sneak (level 2, -1/13 HPs)
             Began as a Spriggan Enchanter on Jan 28, 2019.
             Was an Initiate of Dithmenos.
             Splashed by a jelly's acid (3 damage)
             ... on level 2 of the Dungeon.
             The game lasted 00:03:41 (1288 turns).

Kohma the Sneak (Spriggan Enchanter)                Turns: 1288, Time: 00:03:41

Health: -1/13      AC: -2    Str:  4    XL:     2   Next: 89%
Magic:  3/7        EV: 19    Int: 16    God:    Dithmenos [......]
Gold:   84         SH:  0    Dex: 16    Spells: 4/7 levels left

rFire    . . .     SeeInvis +   a - +1 dagger
rCold    . . .     Gourm    .   (shield restricted)
rNeg     . . .     Faith    .   b - +0 robe
rPois    .         Spirit   .   (helmet restricted)
rElec    .         Reflect  .   (no cloak)
rCorr    .         Harm     .   (gloves unavailable)
MR       .....                  (boots unavailable)
Stlth    +++.......             (no amulet)
HPRegen  0.04/turn              (no ring)
MPRegen  0.10/turn              (no ring)

@: corroded, very slightly contaminated, very quick
A: very small, unfitting armour, see invisible, herbivore, speed 3, slow
metabolism 2
a: Renounce Religion


You were on level 2 of the Dungeon.
You worshipped Dithmenos.
Dithmenos was noncommittal.
You were not hungry.

You visited 1 branch of the dungeon, and saw 2 of its levels.

You collected 84 gold pieces.

Inventory:

Hand Weapons
 a - a +1 dagger (weapon)
Missiles
 l - 2 stones (quivered)
Armour
 b - a +0 robe (worn)
Jewellery
 n - a +5 ring of strength {unknown}
Scrolls
 g - 2 scrolls of identify {unknown}
 i - a scroll of enchant armour {unknown}
 j - a scroll of fear {unknown}
 k - 2 scrolls of enchant weapon {unknown}
Potions
 c - a potion of invisibility {unknown}
 e - a potion of heal wounds {unknown}
 f - a potion of curing {unknown}
 h - a potion of magic {unknown}
 m - a potion of flight {unknown}
 o - a potion of haste {unknown}
Comestibles
 d - 4 rations


   Skills:
 - Level 1.2 Short Blades
 * Level 3.9 Dodging
 - Level 4.4 Stealth
 - Level 3.0 Spellcasting
 * Level 4.1 Hexes
 + Level 0.2 Ice Magic


You had 4 spell levels left.
You knew the following spells:

 Your Spells              Type           Power        Failure   Level  Hunger
a - Corona                Hex            ###....      3%          1    #......
b - Ensorcelled Hibernat  Hex/Ice        #.....       12%         2    ##.....

Your spell library contained the following spells:

 Spells                   Type           Power        Failure   Level  Hunger
 Confuse                  Hex            ###.....     10%         3    ###....
 Tukima's Dance           Hex            ###.....     10%         3    ###....
 Dazzling Spray           Conj/Hex       #.....       24%         3    ###....


Dungeon Overview and Level Annotations

Branches:
Dungeon (2/15)

Altars:
Dithmenos
Ru


Innate Abilities, Weirdness & Mutations

You are very small and have problems with some larger weapons.
You are too small for most types of armour.
You have supernaturally acute eyesight. (SInv)
You are a herbivore.
You cover ground extremely quickly.
You need to consume almost no food.


Message History

The kobold looks drowsy...
The helpless kobold fails to defend itself.
You impale the kobold!!
You kill the kobold!
Dithmenos accepts your kill.
Casting: Ensorcelled Hibernation (safe; 12% risk of failure)
Confirm with . or Enter, or press ? or * to list all spells.
Aiming: Ensorcelled Hibernation (safe; 12% risk of failure)
Press: ? - help, Shift-Dir - straight line, f - jelly
Aim: a jelly (chance to defeat MR: 50%)
You miscast Ensorcelled Hibernation.
You are very lightly contaminated with residual magic.
Your hands glow momentarily.
You hit the jelly.
Your hands burn!
The jelly is lightly wounded.
The jelly hits you. The acid corrodes you!
You are splashed with acid!
The acid burns!
* * * LOW HITPOINT WARNING * * *
You hit the jelly but do no damage.
Your hands burn!
You die...

##.### .. .....# J#
.#.####8... K#
.#..<##.... ###.#####.
.#####8.....8#.........
.# #..... #......... .#
#8...8 ##(######. .#
##># ##J######..# .# ##
#######..@......(# .#
#. #.#.##.##.####..# ##
#. #..#.#.##.# #
#.###.###..##.# #
#.......##.##.# #
#####.#.#..##.# #
##...#.##.# #
#...#...#.# #
###.........#


You could see a jelly.

Vanquished Creatures
  3 dart slugs
  A leopard gecko (D:2)
  3 bats (D:1)
  A giant cockroach (D:1)
  A goblin (D:1)
  3 hobgoblins (D:2)
  2 frilled lizards (D:2)
  3 kobolds (D:2)
  2 rats
19 creatures vanquished.

Notes
Turn   | Place    | Note
-------+----------+-------------------------------------------
     0 | D:1      | Kohma the Spriggan Enchanter began the quest for the Orb.
     0 | D:1      | Reached XP level 1. HP: 9/9 MP: 5/5
   452 | D:1      | Reached XP level 2. HP: 13/13 MP: 6/6
   459 | D:1      | Learned a level 2 spell: Ensorcelled Hibernation
   837 | D:2      | Found a shadowy altar of Dithmenos.
   841 | D:2      | Found a sacrificial altar of Ru.
   880 | D:2      | Became a worshipper of Dithmenos the Shadowed
  1288 | D:2      | Splashed by a jelly's acid

Skill      XL: |  1  2 |
---------------+-------+-----
Spellcasting   | 3 |  3.0
Hexes          | 4 |  4.1
Short Blades   | |  1.2
Dodging        | |  3.9
Stealth        | |  4.4
Ice Magic      | |  0.2

Action                   || total
-------------------------++-------
Melee: Dagger            ||    75
 Cast: Ensorcelled Hiber ||     3
 Stab: Sleeping          ||     8
Armor: Robe              ||    11
Dodge: Dodged            ||    43
